 Dungeon Sprint DCSS version 0.19.0-22-gd96e5fe (webtiles) character file.

3633 equalderp2856 the Imperceptible (level 9, -6/36 HPs)
             Began as a Felid Fighter on Nov 19, 2016.
             Engulfed by a cloud of steam (7 damage)
             ... in the Dungeon (Sprint I: "Red Sonja").
             The game lasted 00:49:10 (9029 turns).

equalderp2856 the Imperceptible (Felid Fighter)     Turns: 9029, Time: 00:49:10

Health: -6/36      AC:  2    Str: 12    XL:     9   Next: 87%
Magic:  11/11      EV: 29    Int: 11    God:
Gold:   71         SH:  0    Dex: 14    Spells: 7 memorised, 0 levels left
                                        Lives:  0   Deaths: 3

rFire  . . .     SeeInvis +       - Unarmed
rCold  . . .     Gourm    .     (armour unavailable)
rNeg   . . .     Faith    .     (shield unavailable)
rPois  .         Spirit   .     (helmet unavailable)
rElec  .         Reflect  .     (cloak unavailable)
rCorr  .         Harm     .     (gloves unavailable)
MR     +....     Rnd*Rage +     (boots unavailable)
Stlth  ++++++++.. NoTele   +    (no amulet)
                                (no ring)
                                (no ring)

@: repel missiles, quick
A: no armour, no weapons or thrown items, stealth, claws 1, fangs 3, see
invisible, berserk 2, carnivore 3, clumsy 1, speed 1, frail 2, mutation
resistance 1, shaggy fur 2, slow regeneration 1, slow metabolism 1, weak 1,
subdued magic 2, MP-powered wands, sharp paws
a: no special abilities


You were in the Dungeon.
You were not hungry.

You visited 1 branch You collected 2672 gold pieces.
You spent 2601 gold pieces at shops.

Inventory:

Wands
 j - a wand of polymorph (10/24)
Scrolls
 h - a scroll of blinking
 k - a scroll of identify {unknown}
 l - 2 scrolls of enchant weapon {unknown}
 n - a scroll of fear {unknown}
Potions
 a - a potion of might
 e - a potion of haste
 f - 2 potions of magic
 g - a potion of berserk rage
 i - a potion of brilliance
 m - 2 potions of curing
Books
 b - a book of Cantrips

   Spells                             Type                      Level
   a - Confusing Touch                Hexes                        1
   b - Animate Skeleton               Necromancy                   1
   c - Summon Small Mammal            Summoning                    1
   d - Apportation                    Translocation                1
 p - a book of Minor Magic

   Spells                             Type                      Level
   a - Magic Dart                     Conjuration                  1
   b - Blink                          Translocation                2
   c - Call Imp                       Summoning                    2
   d - Repel Missiles                 Charms/Air                   2
   e - Slow                           Hexes                        2
   f - Conjure Flame                  Conjuration/Fire             3
   g - Mephitic Cloud                 Conjuration/Poison/Air       3
 q - a book of Enchantments

   Spells                             Type                      Level
   a - Cause Fear                     Hexes                        4
   b - Yara's Violent Unravelling     Hexes/Transmutation          5
   c - Silence                        Hexes/Air                    5
   d - Deflect Missiles               Charms/Air                   6
   e - Discord                        Hexes                        8
 r - a book of Geomancy

   Spells                             Type                      Level
   a - Sandblast                      Earth                        1
   b - Passwall                       Transmutation/Earth          2
   c - Stone Arrow                    Conjuration/Earth            3
   d - Petrify                        Transmutation/Earth          4
   e - Lee's Rapid Deconstruction     Earth                        5
Miscellaneous
 c - a crystal ball of energy
 o - a sack of spiders
Comestibles
 s - a beef jerky


   Skills:
 + Level 10.0 Fighting
 + Level 15.3 Dodging
 * Level 22.2 Stealth
 + Level 19.3 Unarmed Combat
 + Level 0.5 Spellcasting
 + Level 0.4 Hexes
 + Level 0.2 Charms
 + Level 0.2 Summonings
 + Level 1.5 Translocations
 + Level 0.7 Transmutations
 + Level 1.0 Earth Magic
 + Level 1.6 Evocations


You couldn't memorise any spells.
You knew the following spells:

 Your Spells              Type           Power        Failure   Level  Hunger
a - Confusing Touch       Hex            #.....       22%         1    ##.....
b - Animate Skeleton      Necr           N/A          26%         1    ##.....
c - Apportation           Tloc           #.........   14%         1    ##.....
d - Summon Small Mammal   Summ           #...         26%         1    ##.....
e - Blink                 Tloc           N/A          22%         2    ###....
f - Repel Missiles        Chrm/Air       #.....       47%         2    ###....
g - Passwall              Tmut/Erth      #.........   34%         2    ###....


Dungeon Overview and Level Annotations

Branches:
Dungeon (1/1)

Altars:
Cheibriados
Dithmenos
Elyvilon
Fedhas
Gozag
Hepliaklqana
Kikubaaqudgha
Makhleb
Nemelex Xobeh
Okawaru
Qazlal
Ru
Sif Muna
Trog
Uskayaw
Vehumet
Xom
Yredelemnul
Zin
The Shining One
Jiyva
Lugonu

Shops:
D *[%((:!?!(*[[*%}[(![*

Annotations:
D exclusion: oklob plant, Lom Lobon


Innate Abilities, Weirdness & Mutations

You cannot wear armour.
You are incapable of wielding weapons or throwing items.
Your paws allow you to move quietly. (Stealth)
You have sharp claws.
You have razor-sharp teeth.
You have supernaturally acute eyesight. (SInv)
You are carnivorous and can eat meat at any time.
You cover ground quickly.
You are covered in thick fur. (AC +2)
You have a slow metabolism.
Your sharp claws are effective at attacking unaware monsters.
You often lose your temper in combat.
You are clumsy. (Dex -2)
You are very frail. (-20% HP)
You are somewhat resistant to further mutation.
You regenerate slowly when monsters are visible.
You are weak. (Str -2)
Your spells are easier to cast, but less powerful.
You expend magic power (3 MP) to strengthen your wands.


Message History

Found 27 gold pieces.
You see here 27 gold pieces.
Evoke which item? (* to show all) (? for menu, Esc to quit)
Okay, then.
Press: ? - help, v - describe, . - travel, g - get item 27 gold pieces.
The floor.
There is a cloud of steam here.
You are engulfed in a cloud of scalding steam.
* * * LOW HITPOINT WARNING * * *
You are engulfed in a cloud of scalding steam.
* * * LOW HITPOINT WARNING * * *
Found 54 gold pieces.
There is an open door here.
You are engulfed in a cloud of scalding steam.
* * * LOW HITPOINT WARNING * * *
Which direction?
You close the door.
You are engulfed in a cloud of scalding steam.
You die...

#######################
§§§§§§.§§§.'..#.§+§§§§#
§####§§§§§##..'.@#.$§&#
§#.###§§§#######'#$§§§§#
§#'#.###§# ##..#§$$§&#
##^..#y#.##$$$#..##§$$§#
.#...###..###$#..≈###+##
§§§....##.#A#$#..≈.|#
^#^§...# .###$#..≈.##
.###''## ##..$#..≈##
###..## +###.÷≈#


There were no monsters in sight!

Vanquished Creatures
  A lorocyproca (D)
  A hydra (D)
  2 centaur warriors (D)
  Sonja (D)
  A deep troll (D)
  2 unseen horrors (D)
  A lindwurm (D)
  An oklob plant (D)
  8 shining eyes (D)
  A siren (D)
  A gargoyle (D)
  2 kobold demonologists (D)
  4 demonic crawlers (D)
  2 hornets (D)
  A slime creature (D)
  Sigmund (D)
  2 redbacks (D)
  A yak (D)
  13 hogs (D)
  7 floating eyes (D)
  7 necrophages (D)
  An ogre (D)
  8 jellies (D)
  Ijyb (D)
  4 ballistomycetes (D)
74 creatures vanquished.

Vanquished Creatures (others)
  A deep elf master archer (D)
  A siren (D)
  A gargoyle (D)
  3 hornets (D)
  2 ballistomycete spores (D)
8 creatures vanquished.

Grand Total: 82 creatures vanquished

Notes
Turn   | Place    | Note
-------+----------+-------------------------------------------
     0 | D        | equalderp2856 the Felid Fighter began the quest for the Orb.
     0 | D        | Reached XP level 1. HP: 10/10 MP: 2/2
     2 | D        | Noticed Ijyb
    10 | D        | Killed Ijyb
    10 | D        | Reached XP level 2. HP: 12/15 MP: 3/3
    63 | D        | Noticed an ogre
    68 | D        | Killed an ogre
    68 | D        | Reached skill level 5 in Fighting
    68 | D        | Reached skill level 2 in Stealth
    68 | D        | Reached XP level 3. HP: 12/19 MP: 4/4
    68 | D        | Reached XP level 4. HP: 15/23 MP: 5/5
   184 | D        | Noticed Sigmund
   193 | D        | Killed Sigmund
   193 | D        | Reached skill level 5 in Stealth
   193 | D        | Reached skill level 10 in Unarmed Combat
   193 | D        | Reached XP level 5. HP: 11/27 MP: 6/6
   372 | D        | Found a burning altar of Makhleb.
   372 | D        | Found a viscous altar of Jiyva.
   372 | D        | Found a shimmering altar of Xom.
   372 | D        | Found a corrupted altar of Lugonu.
   372 | D        | Noticed a slime creature
   378 | D        | Killed a slime creature
   378 | D        | Reached skill level 7 in Stealth
   378 | D        | Gained mutation: You are covered in thick fur. (AC +2) [Felid growth]
   378 | D        | Reached XP level 6. HP: 18/31 MP: 7/7
   503 | D        | Found a deep blue altar of Sif Muna.
   505 | D        | Found a radiant altar of Vehumet.
   512 | D        | Found Agiac's Antique Weapon Emporium.
   512 | D        | Found an ancient bone altar of Kikubaaqudgha.
   512 | D        | Found a hazy altar of Hepliaklqana.
   512 | D        | Found a stormy altar of Qazlal.
   512 | D        | Found a hide-covered altar of Uskayaw.
   512 | D        | Found a blossoming altar of Fedhas.
   512 | D        | Found a bloodstained altar of Trog.
   512 | D        | Found an iron altar of Okawaru.
   512 | D        | Found a basalt altar of Yredelemnul.
   512 | D        | Found a glowing golden altar of the Shining One.
   512 | D        | Found a snail-covered altar of Cheibriados.
   512 | D        | Found a sacrificial altar of Ru.
   512 | D        | Found a glowing silver altar of Zin.
   512 | D        | Found a shadowy altar of Dithmenos.
   512 | D        | Found a white marble altar of Elyvilon.
   512 | D        | Noticed a yak
   513 | D        | Found an opulent altar of Gozag.
   514 | D        | Killed a yak
   514 | D        | Reached skill level 8 in Stealth
   514 | D        | Reached XP level 7. HP: 36/36 MP: 8/8
   515 | D        | Found a sparkling altar of Nemelex Xobeh.
   559 | D        | Noticed a centaur warrior
   559 | D        | Noticed a centaur warrior
   568 | D        | Noticed a deep troll
   570 | D        | Killed a deep troll
   570 | D        | Reached skill level 10 in Dodging
   570 | D        | Reached skill level 10 in Stealth
   570 | D        | Reached XP level 8. HP: 40/40 MP: 9/9
   595 | D        | Found Qiodod's Armour Emporium.
   609 | D        | Noticed Sonja
   612 | D        | Killed Sonja
   612 | D        | Reached skill level 12 in Stealth
   629 | D        | Found Piocusuj's Assorted Antiques.
   689 | D        | Noticed a kobold demonologist
   690 | D        | Noticed a kobold demonologist
   698 | D        | Killed a kobold demonologist
   698 | D        | Reached XP level 9. HP: 42/45 MP: 10/10
   708 | D        | Noticed a sixfirhy
   711 | D        | Noticed a rust devil
   711 | D        | Killed a kobold demonologist
   711 | D        | Reached skill level 13 in Stealth
   799 | D        | Killed a centaur warrior
   799 | D        | Reached skill level 14 in Stealth
   799 | D        | Reached skill level 15 in Unarmed Combat
   801 | D        | Killed a centaur warrior
   801 | D        | Reached skill level 15 in Stealth
   820 | D        | Paralysed by a hornet for 3 turns
   824 | D        | Slain by a hornet
   825 | D        | Reached XP level 8. HP: -2/42 MP: 9/9
   830 | D        | Killed a hornet
   830 | D        | Reached XP level 9. HP: 45/45 MP: 10/10
   849 | D        | Noticed an oklob plant
   851 | D        | Killed an oklob plant
   859 | D        | Reached skill level 16 in Stealth
   952 | D        | Noticed an unseen horror
   952 | D        | Noticed an unseen horror
  1001 | D        | Killed an unseen horror
  1001 | D        | Reached skill level 17 in Stealth
  1003 | D        | Killed a gargoyle
  1046 | D        | Killed an unseen horror
  1046 | D        | Reached XP level 10. HP: 49/49 MP: 11/11
  1057 | D        | Reached skill level 18 in Stealth
  1923 | D        | Reached skill level 19 in Stealth
  2426 | D        | Bought a potion of heal wounds for 110 gold pieces
  2426 | D        | Bought a scroll of blinking for 165 gold pieces
  2467 | D        | Noticed a gargoyle
  2490 | D        | Noticed a lindwurm
  2493 | D        | Killed a lindwurm
  2703 | D        | Reached skill level 1 in Evocations
  2718 | D        | Reached skill level 20 in Stealth
  3080 | D        | Reached XP level 11. HP: 43/53 MP: 12/12
  3221 | D        | Noticed a 12-headed hydra
  3223 | D        | Killed a 12-headed hydra
  3253 | D        | Noticed a daeva
  3481 | D        | Noticed a lorocyproca
  3513 | D        | Killed a lorocyproca
  5103 | D        | Noticed a deep elf annihilator
  5891 | D        | Bought a potion of curing for 66 gold pieces
  5891 | D        | Bought a sack of spiders for 440 gold pieces
  5948 | D        | Noticed a shining eye
  5948 | D        | Noticed a shining eye
  5948 | D        | Noticed a shining eye
  5951 | D        | Noticed a shining eye
  5951 | D        | Noticed a shining eye
  5951 | D        | Noticed a shining eye
  5959 | D        | Gained mutation: You are clumsy. (Dex -2) [a shining eye]
  5970 | D        | Gained mutation: You tend to lose your temper in combat. [a shining eye]
  5976 | D        | Gained mutation: You are weak. (Str -2) [a shining eye]
  5980 | D        | Gained mutation: Your spells are a little easier to cast, but a little less powerful. [a shining eye]
  5981 | D        | Killed a shining eye
  5982 | D        | Gained mutation: Your spells are easier to cast, but less powerful. [a shining eye]
  5986 | D        | Killed a shining eye
  5986 | D        | Reached skill level 15 in Dodging
  5986 | D        | Reached skill level 21 in Stealth
  6005 | D        | Gained mutation: You often lose your temper in combat. [a shining eye]
  6014 | D        | Gained mutation: You expend magic power (3 MP) to strengthen your wands. [a shining eye]
  6018 | D        | Gained mutation: You are frail. (-10% HP) [a shining eye]
  6020 | D        | Killed a shining eye
  6025 | D        | Killed a shining eye
  6066 | D        | Gained mutation: You regenerate slowly when monsters are visible. [a shining eye]
  6075 | D        | Killed a shining eye
  6106 | D        | Noticed a shining eye
  6106 | D        | Noticed a shining eye
  6124 | D        | Gained mutation: You are very frail. (-20% HP) [a shining eye]
  6129 | D        | Killed a shining eye
  6139 | D        | Gained mutation: You are somewhat resistant to further mutation. [a shining eye]
  6140 | D        | Killed a shining eye
  6169 | D        | Killed a shining eye
  6169 | D        | Reached skill level 10 in Fighting
  6169 | D        | Reached skill level 22 in Stealth
  6201 | D        | Found Gagyziss's Antique Armour Shoppe.
  6201 | D        | Found Ujyr's Weapon Shop.
  6201 | D        | Found Zacom's Food Emporium.
  6201 | D        | Found Xaesac's Book Boutique.
  6247 | D        | Bought a book of Cantrips for 280 gold pieces
  6247 | D        | Bought a book of Minor Magic for 280 gold pieces
  6247 | D        | Bought a book of Enchantments for 700 gold pieces
  6247 | D        | Bought a book of Geomancy for 490 gold pieces
  6254 | D        | Bought a beef jerky for 21 gold pieces
  6378 | D        | Learned a level 1 spell: Confusing Touch
  6380 | D        | Learned a level 1 spell: Animate Skeleton
  6383 | D        | Learned a level 1 spell: Apportation
  6385 | D        | Learned a level 1 spell: Summon Small Mammal
  6413 | D        | Learned a level 2 spell: Blink
  6416 | D        | Learned a level 2 spell: Repel Missiles
  6432 | D        | Learned a level 2 spell: Passwall
  6737 | D        | Found Reoluver's Magic Scroll Shoppe.
  6737 | D        | Found Mynox's Distillery.
  6737 | D        | Found Comisch's Distillery.
  6739 | D        | Found Ziuxka's Weapon Emporium.
  6739 | D        | Found Hoamoez's General Store.
  6739 | D        | Found Bokoniux's Armour Shoppe.
  6739 | D        | Found Nang's Antique Armour Boutique.
  6739 | D        | Found Langaj's General Store.
  6739 | D        | Found Qatocrurr's Food Shop.
  6739 | D        | Found Xioj's Gadget Shoppe.
  6741 | D        | Found Ceorrom's Antique Armour Boutique.
  6742 | D        | Found Eciperam's Distillery.
  6742 | D        | Found Culeob's Antique Weapon Boutique.
  6743 | D        | Found Mafeal Xate's General Store.
  6767 | D        | Bought a potion of mutation for 35 gold pieces
  6767 | D        | Bought a potion of degeneration for 14 gold pieces
  8192 | D        | Reached skill level 1 in Translocations
  8725 | D        | Noticed an oklob plant
  8725 | D        | Noticed a mummy priest
  8726 | D        | Splashed by an oklob plant's acid
  8727 | D        | Reached XP level 10. HP: -5/40 MP: 9/12
  8728 | D        | Noticed Lom Lobon
  8734 | D        | Killed from afar by Lom Lobon
  8735 | D        | Reached XP level 9. HP: -43/36 MP: 11/11
  8794 | D        | Reached skill level 1 in Earth Magic
  8997 | D        | Killed a deep elf master archer
  9028 | D        | HP: 1/36 [something (8)]
  9029 | D        | Engulfed by a cloud of steam

Skill      XL: |  1  2  3  4  5  6  7  8  9 10 11 |
---------------+----------------------------------+-----
Fighting       | 4 5 6 7 9 10 | 10.0
Unarmed Combat | 6 8 10 11 13 14 16 17 19 | 19.3
Dodging        | 6 7 8 9 10 11 12 14 15 | 15.3
Stealth        | 2 5 7 8 10 12 17 20 22 | 22.2
Evocations     | 1 |  1.6
Translocations | 1 |  1.5
Earth Magic    | 1 |  1.0
Spellcasting   | |  0.5
Hexes          | |  0.4
Charms         | |  0.2
Summonings     | |  0.2
Transmutations | |  0.7

Action                   |  1- 3 |  4- 6 |  7- 9 | 10-12 || total
-------------------------+-------+-------+-------+-------++-------
Melee: Unarmed           |    10 |    13 |    53 |   173 ||   249
       Bite              |     2 |     1 |     3 |    22 ||    28
       Punch             |       |       |     2 |    18 ||    20
 Cast: Apportation       |       |       |       |     9 ||     9
       Passwall          |       |       |       |     4 ||     4
       Blink             |       |       |       |     3 ||     3
       Summon Small Mamm |       |       |       |     1 ||     1
       Repel Missiles    |       |       |       |     1 ||     1
       Confusing Touch   |       |       |       |     1 ||     1
Evoke: Wand              |       |       |       |     4 ||     4
  Use: Potion            |       |       |     1 |     4 ||     5
       Scroll            |       |       |       |     1 ||     1
 Stab: Sleeping          |     1 |     3 |    11 |     9 ||    24
       Distracted        |       |       |       |     2 ||     2
  Eat: Chunk             |       |       |       |     6 ||     6
       Meat ration       |       |       |       |     1 ||     1
       Royal jelly       |       |       |       |     1 ||     1
Armor: Skin              |       |       |       |     6 ||     6
Dodge: Dodged            |     6 |     2 |    37 |   139 ||   184
